 Dungeon Crawl Stone Soup version 0.28.0-45-g0d030f2227 (webtiles) character file.

Game seed: 4970216430945492675

148 101zpm the Caller (level 5, -4/28 HPs)
             Began as a Kobold Summoner on Apr 20, 2022.
             Slain by a wraith (8 damage)
             ... in an ossuary.
             The game lasted 00:07:22 (4577 turns).

101zpm the Caller (Kobold Summoner)                 Turns: 4577, Time: 00:07:23

Health: -4/28      AC:  4    Str:  5    XL:     5   Next: 56%
Magic:  6/9        EV: 15    Int: 18    God:
Gold:   111        SH:  0    Dex: 16    Spells: 9/10 levels left

rFire   . . .      SeeInvis .   e - +0 spear
rCold   . . .      Faith    .   (no shield)
rNeg    . . .      Spirit   .   a - +0 robe
rPois   .          Reflect  .   (no helmet)
rElec   .          Harm     .   k - +1 cloak
rCorr   .          Rampage  .   (no gloves)
Will    .....                   (no boots)
Stlth   ++++......              (no amulet)
HPRegen 0.09/turn               (no ring)
MPRegen 0.11/turn               (no ring)

@: slowed, very slow
A: small, no large weapons, nightstalker 3
a: no special abilities


You were in an ossuary.
You visited 1 branch of the dungeon, and saw 4 of its levels.
You also visited: Ossuary.

You collected 111 gold pieces.

Inventory:

Hand Weapons
 e - a +0 spear (weapon)
Missiles
 n - 71 stones
 o - 6 boomerangs of dispersal
 p - 59 sling bullets
Armour
 a - a +0 robe (worn)
 k - a +1 cloak (worn)
Jewellery
 h - a ring of fire
Scrolls
 f - a scroll of vulnerability {unknown}
 g - 2 scrolls of teleportation
 i - a scroll of holy word
 m - a scroll of noise
 q - a scroll of fear {unknown}
 s - 2 scrolls of magic mapping {unknown}
Potions
 b - a potion of berserk rage {unknown}
 c - a potion of lignification {unknown}
 d - 3 potions of curing {unknown}
 j - a potion of heal wounds {unknown}
 l - a potion of cancellation {unknown}
 r - a potion of resistance {unknown}
 t - 2 potions of brilliance {unknown}


   Skills:
 + Level 0.7 Fighting
 + Level 1.3 Polearms
 + Level 2.9 Dodging
 + Level 3.6 Stealth
 + Level 0.4 Unarmed Combat
 + Level 3.3 Spellcasting
 + Level 4.8 Summonings


You had 9 spell levels left.
You knew the following spells:

 Your Spells              Type           Power      Damage    Failure   Level
a - Summon Small Mammal   Summ           80%        N/A       2%          1

Your spell library contained the following spells:

 Spells                   Type           Power      Damage    Failure   Level
 Call Imp                 Summ           20%        N/A       3%          2
 Call Canine Familiar     Summ           20%        N/A       6%          3
 Summon Guardian Golem    Hex/Summ       11%        N/A       17%         3
 Ensorcelled Hibernation  Hex/Ice        4%         N/A       24%         2
 Spider Form              Tmut/Pois      2%         N/A       43%         3
 Summon Lightning Spire   Summ/Air       11%        N/A       50%         4
 Anguish                  Hex/Necr       1%         N/A       85%         4


Dungeon Overview and Level Annotations

Branches:
Dungeon (4/15)            Ossuary (1/1)
 Temple: D:4-7

Altars:


Innate Abilities, Weirdness & Mutations

You are small and have problems with some larger weapons.
You are completely attuned to the shadows.


Message History

Your rat bites the wraith but does no damage.
You hit the wraith but do no damage.
The wraith is lightly damaged.
Your bat barely misses the wraith.
The wraith hits you! The wraith drains your vigour!
You feel yourself slow down.
Your rat bites the wraith but does no damage.
Casting: Summon Small Mammal (safe; 2% risk of failure)
Confirm with . or Enter, or press ? or * to list all spells.
Okay, then.
What are your orders? t - Shout!
Orders for allies: a - Attack new target. r - Retreat! s - Stop attacking. g - Guard the area. f - Follow me.
Anything else - Cancel.
Gang up on whom?
Press: ? - help, Dir - move target, f - wraith
Aim: a wraith (lightly damaged, ally target) Attack!
Your bat hits the wraith but does no damage.
The wraith hits you. The wraith drains your vigour!
You feel as though you will be slow longer.
Your rat bites the wraith but does no damage.
Your bat barely misses the wraith.
The wraith misses you.
You hit the wraith.
The wraith is moderately damaged.
Your bat barely misses the wraith.
Your bat hits the wraith but does no damage.
Your rat bites the wraith but does no damage.
The wraith hits you!
* * * LOW HITPOINT WARNING * * *
The wraith drains your vigour!
You feel as though you will be slow longer.
Your bat hits the wraith but does no damage.
Your rat bites the wraith but does no damage.
You are too injured to fight recklessly!
You are too injured to fight recklessly!
Your bat closely misses the wraith. x2; Your rat closely misses the wraith.
The wraith hits you!
You die...

.?!!?..
.?... . ...
. ..##'##..
.....r...
####W#####.
...b@......
...........
###'''#####
#...####
+...'..#
#...#..#
#...####
#...# #...#


You could see a wraith (ally target), a friendly bat (summoned) and a friendly
rat (summoned).

Vanquished Creatures
  A mummy (Ossuary)
  2 adders (D:2)
  A worm (D:3)
  2 endoplasms (D:2)
  2 giant cockroaches
  4 goblins
  2 hobgoblins
  8 jackals
  2 kobolds
  4 quokkas
  A ball python (D:2)
  A frilled lizard (D:2)
  A kobold skeleton (Ossuary)
  An orc skeleton (Ossuary)
  3 rats
35 creatures vanquished.

Vanquished Creatures (collateral kills)
  Jessica (D:2)
  An iguana (D:4)
  An orc (D:3)
  A bat (D:1)
  5 endoplasms
  2 goblins
  2 hobgoblins
  A quokka (D:1)
  2 ball pythons
  2 gnoll skeletons (Ossuary)
  2 kobold skeletons (Ossuary)
  3 orc skeletons (Ossuary)
  An orc zombie (D:4)
  2 rats (D:1)
26 creatures vanquished.

Grand Total: 61 creatures vanquished

Notes
Turn   | Place    | Note
-------+----------+-------------------------------------------
     0 | D:1      | 101zpm the Kobold Summoner began the quest for the Orb.
     0 | D:1      | Reached XP level 1. HP: 10/10 MP: 3/3
   478 | D:1      | Reached XP level 2. HP: 15/15 MP: 1/5
  1219 | D:1      | Reached XP level 3. HP: 18/19 MP: 4/6
  1826 | D:2      | Noticed Jessica
  1830 | D:2      | Killed Jessica
  1831 | D:2      | Reached XP level 4. HP: 21/24 MP: 4/7
  1926 | D:2      | Reached skill level 1 in Polearms
  3316 | D:3      | Noticed a great orb of eyes
  3324 | D:3      | Noticed a great orb of eyes
  3325 | D:3      | Found a faded altar of an unknown god.
  3325 | D:3      | Noticed a great orb of eyes
  3372 | D:3      | Noticed an eye of devastation
  3516 | D:3      | Reached XP level 5. HP: 28/28 MP: 6/9
  4315 | D:4      | Found a sand-covered staircase.
  4329 | Ossuary  | Entered an ossuary
  4333 | Ossuary  | Noticed a wraith
  4348 | Ossuary  | Noticed a wraith
  4555 | Ossuary  | Noticed a wraith
  4577 | Ossuary  | Slain by a wraith

Illustrated notes

Levels and vault maps discovered:
D:1:      onia_arrival_pyramid, layout_loops_ring
D:2:      layout_loops_ring, uniq_jessica
D:3:      layout_loops_ring, hellmonk_ecumenical_altar_watching_god,
          chequers_serial_rivers_small_3
D:4:      layout_cave_pods, enter_ossuary_3, feat_on_display
Ossuary:  ossuary_due_mausoleum

Skill      XL: |  1  2  3  4 |
---------------+-------------+-----
Stealth        | 3 |  3.6
Polearms       | 1 |  1.3
Spellcasting   | 3 |  3.3
Fighting       | |  0.7
Dodging        | |  2.9
Unarmed Combat | |  0.4
Summonings     | |  4.8

Action                   |  1- 3 |  4- 6 || total
-------------------------+-------+-------++-------
Melee: Unarmed           |    14 |       ||    14
       Spear             |    80 |   132 ||   212
       Punch             |       |     2 ||     2
 Cast: Summon Small Mamm |    38 |    52 ||    90
  Use: Scroll            |       |     3 ||     3
 Stab: Distracted        |     2 |     1 ||     3
       Sleeping          |    10 |     8 ||    18
Armor: Robe              |     4 |    22 ||    26
Dodge: Dodged            |    71 |    84 ||   155
